 Dungeon Crawl Stone Soup version 0.22-a0-406-g9ff8d77 (webtiles) character file.

348 zero the Firebug (level 6, -4/41 HPs)
             Began as a Mummy Fire Elementalist on May 8, 2018.
             Was a Follower of Vehumet.
             Slain by an ogre
             ... wielding a +0 giant club
              (20 damage)
             ... on level 5 of the Dungeon.
             The game lasted 00:11:45 (4902 turns).

zero the Firebug (Mummy Fire Elementalist)          Turns: 4902, Time: 00:11:46

Health: -4/41      AC:  3    Str: 11    XL:     6   Next: 33%
Magic:  6/12       EV: 12    Int: 16    God:    Vehumet [*.....]
Gold:   184        SH:  0    Dex: 13    Spells: 3/13 levels left

rFire    x . .     SeeInvis .   e - +1 hand axe
rCold    + . .     Gourm    .   (no shield)
rNeg     + + +     Faith    .   a - +1 robe
rPois    ∞         Spirit   .   (no helmet)
rElec    .         Reflect  .   (no cloak)
rCorr    .         Harm     .   (no gloves)
MR       .....                  (no boots)
Stlth    ++........             (no amulet)
HPRegen  0.13/turn              (no ring)
MPRegen  0.13/turn              (no ring)

@: no status effects
A: no food or potions, fire vulnerability, cold resistance 1, negative energy
resistance 3, torment resistance, unbreathing
a: Renounce Religion


You were on level 5 of the Dungeon.
You worshipped Vehumet.
Vehumet was aware of your devotion.
You were not hungry.

You visited 1 branch of the dungeon, and saw 5 of its levels.

You collected 184 gold pieces.

Inventory:

Hand Weapons
 e - a +1 hand axe (weapon)
Armour
 a - a +1 robe (worn)
Wands
 c - a wand of digging (12)
Scrolls
 b - 6 scrolls of teleportation
 d - 3 scrolls of remove curse
 f - a scroll of immolation


   Skills:
 - Level 1.5 Dodging
 - Level 1.5 Stealth
 - Level 4.0 Spellcasting
 + Level 3.3 Conjurations
 + Level 4.3 Fire Magic


You had 3 spell levels left.
You knew the following spells:

 Your Spells              Type           Power        Failure   Level  Hunger
a - Flame Tongue          Conj/Fire      ###..        3%          1    N/A
b - Throw Flame           Conj/Fire      ###...       5%          2    N/A
c - Conjure Flame         Conj/Fire      ###.....     11%         3    N/A
d - Inner Flame           Hex/Fire       ##......     21%         3    N/A
e - Apportation           Tloc           #.....       17%         1    N/A

Dungeon Overview and Level Annotations

Branches:
Dungeon (5/15)             Temple (0/1) D:4

Altars:
Fedhas
Gozag
Kikubaaqudgha
Trog
Uskayaw
Vehumet
Wu Jian
The Shining One

Annotations:
D:2 exclusion: 2 downstairs
D:3 Salmacis's ghost, amateur HOFi
D:4 Grinder


Innate Abilities, Weirdness & Mutations

You do not eat or drink.
Your flesh is vulnerable to fire.
You are immune to poison.
Your flesh is cold resistant. (rC+)
You are immune to negative energy. (rN+++)
You are immune to unholy pain and torment.
You can survive without breathing.


Message History

Aim: an ogre, wielding a giant club (moderately wounded)
The puff of flame hits the ogre.
The ogre is moderately wounded.
Casting: Throw Flame (safe; 5% risk of failure)
Confirm with . or Enter, or press ? or * to list all spells.
Aiming: Throw Flame (safe; 5% risk of failure)
Press: ? - help, Shift-Dir - straight line, f/p - ogre
Aim: an ogre, wielding a giant club (moderately wounded)
The puff of flame hits the ogre.
The ogre is heavily wounded.
The ogre barely misses you.
Casting: Throw Flame (safe; 5% risk of failure)
Confirm with . or Enter, or press ? or * to list all spells.
Aiming: Throw Flame (safe; 5% risk of failure)
Press: ? - help, Shift-Dir - straight line, f/p - ogre
Aim: an ogre, wielding a giant club (heavily wounded)
The puff of flame hits the ogre.
The ogre is heavily wounded.
The ogre hits you with a giant club!!
You die...

#.# #. #.# .# ##
#.# ###### .# # #.#
#....# .# # #.#
#....####.# #.#
#.......#.### #.#
####....#... ###
#.# #....#.#....#
#.#
#######....@O......
#.#
#.........####.####
#.# #.........#
#.####.........#
#..............#
###
######...........
#... #########.#..
#... #.#... #... .#
.. #...


You could see an ogre.

Vanquished Creatures
  A water moccasin skeleton (D:4)
  A howler monkey (D:5)
  A hound (D:5)
  A bullfrog skeleton (D:5)
  Ijyb (D:4)
  Natasha (D:4)
  2 worker ants
  3 adders (D:3)
  A shadow imp (D:5)
  2 worms (D:3)
  8 dart slugs (D:3)
  7 orcs
  3 giant cockroaches
  4 goblins
  3 hobgoblins
  5 jackals
  3 kobolds
  2 quokkas
  3 bats (D:2)
  2 frilled lizards
  A quokka skeleton (D:3)
  2 rats (D:3)
57 creatures vanquished.

Vanquished Creatures (others)
  A human (D:4)
1 creature vanquished.

Grand Total: 58 creatures vanquished

Notes
Turn   | Place    | Note
-------+----------+-------------------------------------------
     0 | D:1      | zero the Mummy Fire Elementalist began the quest for the Orb.
     0 | D:1      | Reached XP level 1. HP: 13/13 MP: 4/4
   469 | D:2      | Reached XP level 2. HP: 19/19 MP: 6/6
   473 | D:2      | Learned a level 2 spell: Throw Flame
   773 | D:2      | Found a hide-covered altar of Uskayaw.
  1066 | D:2      | You fall through a shaft for 2 floors!
  1094 | D:4      | Found a radiant altar of Vehumet.
  1099 | D:4      | Became a worshipper of Vehumet
  1267 | D:3      | Reached skill level 1 in Conjurations
  1390 | D:3      | Reached XP level 3. HP: 18/24 MP: 2/7
  1391 | D:3      | Noticed Salmacis's ghost (amateur HOFi)
  2221 | D:3      | Learned a level 3 spell: Conjure Flame
  2231 | D:3      | Learned a level 3 spell: Inner Flame
  2486 | D:3      | Reached XP level 4. HP: 30/30 MP: 0/9
  2648 | D:3      | Learned a level 1 spell: Apportation
  2713 | D:3      | Found a bloodstained altar of Trog.
  2853 | D:3      | Reached * piety under Vehumet
  2853 | D:3      | Offered knowledge of Magic Dart by Vehumet.
  3016 | D:3      | Found an ornate altar of the Wu Jian Council.
  3257 | D:4      | Found a blossoming altar of Fedhas.
  3287 | D:4      | Reached XP level 5. HP: 17/35 MP: 0/11
  3465 | D:4      | Found a glowing golden altar of the Shining One.
  3471 | D:4      | Found a staircase to the Ecumenical Temple.
  3627 | D:5      | Entered Level 5 of the Dungeon
  3633 | D:4      | Found an opulent altar of Gozag.
  3633 | D:4      | Noticed Ijyb
  3655 | D:4      | Killed Ijyb
  3684 | D:4      | Noticed Natasha
  3759 | D:4      | Killed Natasha
  3896 | D:4      | Found an ancient bone altar of Kikubaaqudgha.
  3903 | D:4      | Noticed a human
  3904 | D:4      | Killed a human
  3971 | D:4      | Noticed Grinder
  4252 | D:5      | Reached XP level 6. HP: 41/41 MP: 1/12
  4902 | D:5      | Slain by an ogre

Vault maps used:
D:1:      lightli_arrival_isolated_outpost
D:2:      marbit_many_paths
D:3:      kennysheep_slugbush, lemuel_round_altar, overflow_temple_1_default
D:4:      kennysheep_little_box, nicolae_gozag_seed_capital, tso_oasis_becter,
          fedhas_altar_1, minmay_temple_entry_statues_pillars, first_ration,
          tgw_kikubaaqudgha, uniq_ijyb, uniq_grinder, uniq_natasha
D:5:      old_standard_altar

Skill      XL: |  1  2  3  4  5 |
---------------+----------------+-----
Spellcasting   | 3 4 |  4.0
Conjurations   | 1 2 3 |  3.3
Fire Magic     | 3 4 |  4.3
Dodging        | |  1.5
Stealth        | |  1.5

Action                   |  1- 3 |  4- 6 || total
-------------------------+-------+-------++-------
Melee: Hand axe          |    29 |    17 ||    46
 Cast: Flame Tongue      |    47 |    26 ||    73
       Throw Flame       |     3 |    42 ||    45
       Conjure Flame     |     1 |     5 ||     6
  Use: Scroll            |     7 |     3 ||    10
 Stab: Sleeping          |     1 |       ||     1
Armor: Robe              |    11 |    10 ||    21
Dodge: Dodged            |    34 |    22 ||    56

Table legend:
 A = Spawn XP
 B = Non-spawn XP
 C = Spawn XP percentage of total XP
 D = Spawn monster count
 E = Non-spawn monster count
 F = Spawn count percentage of total count
 G = Total turns spent on level
                    A         B        C        D         E        F      G
               +---------+---------+-------+---------+---------+-------+---------
         Total |       0 |     498 |   0.0 |       0 |      57 |   0.0 |  4902
               +---------+---------+-------+---------+---------+-------+---------
           D:1 |       0 |       2 |   0.0 |       0 |       1 |   0.0 |   244
           D:2 |       0 |      15 |   0.0 |       0 |       9 |   0.0 |  1513
           D:3 |       0 |     116 |   0.0 |       0 |      30 |   0.0 |  1190
           D:4 |       0 |     177 |   0.0 |       0 |       7 |   0.0 |  1271
           D:5 |       0 |     188 |   0.0 |       0 |      10 |   0.0 |   684
               +---------+---------+-------+---------+---------+-------+---------
